MID
DELMARVA SHOREBIRDS @ WEST MICHIGAN WHITECAPS
09/03/2049
 
TOP OF THE 1ST
Delmarva Shorebirds batting - Pitching for West Michigan Whitecaps : RHP Dale Gilbert
Pitching: RHP Dale Gilbert
Batting: RHB Josh Hopp 0-0: Ball
1-0: Swinging Strike
1-1: Foul Ball, location: 2F
1-2: Foul Ball, location: 2F
1-2: Foul Ball, location: 2F
1-2: Strikes out swinging
Batting: LHB Vinny Rivera 0-0: Called Strike
0-1: Ball
1-1: Fly out, F8 (Flyball, 78S, EV 90.6 MPH)
Batting: LHB Sam Williams 0-0: Called Strike
0-1: Foul Ball, location: 2F
0-2: Ball
1-2: Foul Ball, location: 2F
1-2: Strikes out swinging
Top of the 1st over - 0 runs, 0 hits, 0 errors, 0 left on base; Delmarva 0 - West Michigan 0
BOTTOM OF THE 1ST
West Michigan Whitecaps batting - Pitching for Delmarva Shorebirds : RHP Matt Talaski
Pitching: RHP Matt Talaski
Batting: LHB Nick Nino 0-0: Bunt for hit to 25 - play at first, batter OUT! 5-3
Batting: RHB Tanner Purchase 0-0: Swinging Strike
0-1: Swinging Strike
0-2: Strikes out swinging
Batting: LHB Jon Frederick 0-0: Called Strike
0-1: Ball
1-1: Ground out U3 (Groundball, 34, EV 86.2 MPH)
Bottom of the 1st over - 0 runs, 0 hits, 0 errors, 0 left on base; Delmarva 0 - West Michigan 0
TOP OF THE 2ND
Delmarva Shorebirds batting - Pitching for West Michigan Whitecaps : RHP Dale Gilbert
Batting: RHB Graham Calvert 0-0: Ball
1-0: Swinging Strike
1-1: Ball
2-1: Foul Ball, location: 2F
2-2: Ball
3-2: Foul Ball, location: 2F
3-2: Base on Balls
Batting: RHB Matthew Neal 0-0: Ball
1-0: Ball
2-0: Ball
3-0: Called Strike
3-1: Foul Ball, location: 2F
3-2: Strikes out looking
Batting: RHB Minoru Matsumoto 0-0: Ball
1-0: Ball
2-0: Foul Ball, location: 2F
2-1: Foul Ball, location: 2F
2-2: Foul Ball, location: 2F
2-2: SINGLE (Groundball, 56D, EV 99.4 MPH)
Graham Calvert to second
Batting: RHB Carlos Teniente 0-0: Ball
1-0: Ball
2-0: Foul Ball, location: 2F
2-1: Ball
Wild Pitch!
Graham Calvert to third
Minoru Matsumoto to second
3-1: SINGLE (Groundball, 4D, EV 103.8 MPH)
Graham Calvert scores
Minoru Matsumoto to third
Runner from 3rd tries for Home, throw by CF and OUT! 8-2
Carlos Teniente to second
Batting: RHB Ruben Domingues 0-0: Ball
1-0: Called Strike
1-1: Swinging Strike
1-2: Foul Ball, location: 2F
1-2: Strikes out swinging
Top of the 2nd over - 1 run, 2 hits, 0 errors, 1 left on base; Delmarva 1 - West Michigan 0
BOTTOM OF THE 2ND
West Michigan Whitecaps batting - Pitching for Delmarva Shorebirds : RHP Matt Talaski
Batting: RHB J.J. Basil 0-0: Called Strike
0-1: SINGLE (Flyball, 34D, EV 91.2 MPH)
Batting: RHB Ernst Meloche 0-0: Called Strike
0-1: Ball
1-1: Called Strike
1-2: Foul Ball, location: 2F
1-2: Ball
2-2: Foul Ball, location: 2F
2-2: Ball
3-2: Fly out, F7 (Flyball, 7S, EV 96.2 MPH)
Batting: RHB Joel Miller 0-0: Called Strike
J.J. Basil steals 2nd base (no throw)
0-1: Called Strike
0-2: Ball
1-2: Foul Ball, location: 2F
1-2: Ball
Wild Pitch!
J.J. Basil to third
2-2: Strikes out swinging
Batting: RHB Norm Wood 0-0: Ball
1-0: Ball
2-0: Ball
3-0: Base on Balls
Batting: RHB Jon Goldstein 0-0: Ball
1-0: Ball
2-0: Fly out, F8 (Flyball, 8LM, EV 75.0 MPH)
Bottom of the 2nd over - 0 runs, 1 hit, 0 errors, 2 left on base; Delmarva 1 - West Michigan 0
TOP OF THE 3RD
Delmarva Shorebirds batting - Pitching for West Michigan Whitecaps : RHP Dale Gilbert
Batting: RHB Juan Eyrich 0-0: Ball
1-0: SOLO HOME RUN (Flyball, 7LD, EV 90.6 MPH), Distance : 341 ft
Batting: RHB Josh Hopp 0-0: Ball
1-0: Bunt missed!
1-1: Ball
2-1: Ball
3-1: Fly out, F8 (Flyball, 8LD, EV 102.5 MPH)
Batting: LHB Vinny Rivera 0-0: Ball
1-0: Ball
2-0: Bunt missed!
2-1: Foul Ball, location: 2F
2-2: Foul Ball, location: 2F
2-2: Foul Ball, location: 2F
2-2: Ball
3-2: Foul Ball, location: 2F
3-2: Strikes out swinging, 2-3 out at first.
Batting: LHB Sam Williams 0-0: Ball
1-0: DOUBLE (Line Drive, 3D, EV 94.4 MPH)
Batting: RHB Graham Calvert 0-0: Foul Ball, location: 2F
0-1: Fly out, F9 (Flyball, 9D, EV 106.2 MPH)
Top of the 3rd over - 1 run, 2 hits, 0 errors, 1 left on base; Delmarva 2 - West Michigan 0
BOTTOM OF THE 3RD
West Michigan Whitecaps batting - Pitching for Delmarva Shorebirds : RHP Matt Talaski
Batting: RHB Keith Hoffman 0-0: Called Strike
0-1: Ball
1-1: Ball
2-1: SOLO HOME RUN (Flyball, 78XD, EV 112.5 MPH), Distance : 412 ft
Batting: LHB Nick Nino 0-0: Foul Ball, location: 2F
0-1: Bunt missed!
0-2: SINGLE (Flyball, 34D, EV 94.4 MPH)
Batting: RHB Tanner Purchase 0-0: Ball
Passed Ball!
Nick Nino to second
1-0: Called Strike
1-1: Ball
2-1: Called Strike
2-2: Ball
3-2: Foul Ball, location: 2F
3-2: Foul Ball, location: 2F
3-2: Foul Ball, location: 2F
3-2: TRIPLE (Line Drive, 89XD, EV 111.9 MPH)
Nick Nino scores
Batting: LHB Jon Frederick 0-0: Called Strike
0-1: Foul Ball, location: 2F
0-2: Ball
1-2: Foul Ball, location: 2F
1-2: Ground out 4-3 (Groundball, 4M, EV 105.0 MPH)
Tanner Purchase scores
Batting: RHB J.J. Basil 0-0: Ball
1-0: Ball
2-0: Foul Ball, location: 2F
2-1: Ground out 4-3 (Groundball, 4S, EV 89.4 MPH)
Batting: RHB Ernst Meloche 0-0: Ball
1-0: Ball
2-0: Ball
3-0: Base on Balls
Batting: RHB Joel Miller 0-0: Called Strike
0-1: Called Strike
Ernst Meloche steals 2nd base
0-2: Ball
1-2: Ball
2-2: Foul Ball, location: 2F
2-2: SINGLE (Line Drive, 78S, EV 98.8 MPH)
Ernst Meloche to third
Runner from 3rd tries for Home, SAFE, throw by LF to home
Batting: RHB Norm Wood 0-0: Ball
1-0: Swinging Strike
1-1: Ball
2-1: Ball
3-1: Base on Balls
Joel Miller to second
Batting: RHB Jon Goldstein 0-0: Swinging Strike
0-1: Ball
1-1: Ball
2-1: Ball
3-1: SINGLE (Flyball, 89S, EV 85.6 MPH)
Joel Miller to third
Norm Wood to second
Runner from 3rd tries for Home, SAFE, throw by RF to home
Pitching: RHP Manny Saldana
Batting: RHB Keith Hoffman 0-0: Called Strike
0-1: Foul Ball, location: 2F
0-2: Foul Ball, location: 2F
0-2: Fly out, F8 (Flyball, 8RD, EV 101.2 MPH)
Bottom of the 3rd over - 5 runs, 5 hits, 0 errors, 2 left on base; Delmarva 2 - West Michigan 5
TOP OF THE 4TH
Delmarva Shorebirds batting - Pitching for West Michigan Whitecaps : RHP Dale Gilbert
Batting: RHB Matthew Neal 0-0: Ball
1-0: Called Strike
1-1: Swinging Strike
1-2: Ball
2-2: Strikes out swinging
Batting: RHB Minoru Matsumoto 0-0: Ball
1-0: Ground out 6-3 (Groundball, 6, EV 85.6 MPH)
Batting: RHB Carlos Teniente 0-0: Ball
1-0: Ball
2-0: Called Strike
2-1: Fly out, F7 (Flyball, 78S, EV 95.0 MPH)
Top of the 4th over - 0 runs, 0 hits, 0 errors, 0 left on base; Delmarva 2 - West Michigan 5
BOTTOM OF THE 4TH
West Michigan Whitecaps batting - Pitching for Delmarva Shorebirds : RHP Manny Saldana
Batting: LHB Nick Nino 0-0: Ground out 4-3 (Groundball, 4, EV 107.5 MPH)
Batting: RHB Tanner Purchase 0-0: SINGLE (Groundball, 6MD, EV 96.2 MPH)
Batting: LHB Jon Frederick 0-0: Called Strike
Tanner Purchase steals 2nd base
0-1: Fly out, F7 (Flyball, 7LS, EV 98.1 MPH)
Batting: RHB J.J. Basil 0-0: Ball
1-0: Ball
2-0: TRIPLE (Flyball, 9D, EV 93.8 MPH)
Tanner Purchase scores
Pitching: RHP Zhao-jun Zong
Batting: RHB Ernst Meloche 0-0: Ground out 5-3 (Groundball, 56, EV 104.4 MPH)
Bottom of the 4th over - 1 run, 2 hits, 0 errors, 1 left on base; Delmarva 2 - West Michigan 6
TOP OF THE 5TH
Delmarva Shorebirds batting - Pitching for West Michigan Whitecaps : RHP Dale Gilbert
Batting: RHB Ruben Domingues 0-0: Ball
1-0: SINGLE (Line Drive, 7S, EV 95.0 MPH)
Batting: RHB Juan Eyrich 0-0: Called Strike
0-1: Ball
1-1: Ball
2-1: Ball
3-1: Grounds into double play, 6-4-3 (Groundball, 56D, EV 78.8 MPH)
Batting: RHB Josh Hopp 0-0: Ball
1-0: Foul Ball, location: 2F
1-1: Ground out 6-3 (Groundball, 56, EV 102.5 MPH)
Top of the 5th over - 0 runs, 1 hit, 0 errors, 0 left on base; Delmarva 2 - West Michigan 6
BOTTOM OF THE 5TH
West Michigan Whitecaps batting - Pitching for Delmarva Shorebirds : RHP Zhao-jun Zong
Batting: RHB Joel Miller 0-0: Called Strike
0-1: Ball
1-1: Ground out 6-3 (Groundball, 6, EV 81.2 MPH)
Batting: RHB Norm Wood 0-0: Ball
1-0: Called Strike
1-1: Swinging Strike
1-2: Strikes out looking
Batting: RHB Jon Goldstein 0-0: Ball
1-0: Ball
2-0: Ball
3-0: Base on Balls
Batting: RHB Keith Hoffman 0-0: Called Strike
Jon Goldstein steals 2nd base
0-1: Foul Ball, location: 2F
0-2: Ball
1-2: Ball
2-2: Ball
3-2: Base on Balls
Batting: LHB Nick Nino 0-0: Ball
1-0: Called Strike
1-1: Foul Ball, location: 2F
1-2: Foul Ball, location: 2F
1-2: Ball
2-2: Foul Ball, location: 2F
2-2: Strikes out looking
Bottom of the 5th over - 0 runs, 0 hits, 0 errors, 2 left on base; Delmarva 2 - West Michigan 6
TOP OF THE 6TH
Delmarva Shorebirds batting - Pitching for West Michigan Whitecaps : RHP Dale Gilbert
Batting: LHB Vinny Rivera 0-0: Swinging Strike
0-1: Called Strike
0-2: Foul Ball, location: 2F
0-2: Ball
1-2: Ball
2-2: Strikes out swinging
Batting: LHB Sam Williams 0-0: Called Strike
0-1: Fly out, F4 (Flyball, 4D, EV 96.9 MPH)
Batting: RHB Graham Calvert 0-0: Ball
1-0: Ball
2-0: Ball
3-0: Base on Balls
Batting: RHB Matthew Neal 0-0: Called Strike
0-1: SINGLE (Groundball, 13, EV 93.1 MPH) (infield hit)
Graham Calvert to second
Pitching: LHP Pete Zamarron
Batting: RHB Minoru Matsumoto 0-0: Ball
1-0: Foul Ball, location: 2F
1-1: Ball
2-1: Ball
3-1: Called Strike
3-2: Base on Balls
Graham Calvert to third
Matthew Neal to second
Batting: RHB Carlos Teniente 0-0: Ball
1-0: Called Strike
1-1: Foul Ball, location: 2F
1-2: Foul Ball, location: 2F
1-2: Strikes out looking
Top of the 6th over - 0 runs, 1 hit, 0 errors, 3 left on base; Delmarva 2 - West Michigan 6
BOTTOM OF THE 6TH
West Michigan Whitecaps batting - Pitching for Delmarva Shorebirds : RHP Zhao-jun Zong
Batting: RHB Tanner Purchase 0-0: Ball
1-0: Called Strike
1-1: Foul Ball, location: 2F
1-2: Strikes out swinging
Batting: LHB Jon Frederick 0-0: Ball
1-0: Ball
2-0: Ground out U3 (Groundball, 3, EV 88.1 MPH)
Batting: RHB J.J. Basil 0-0: Called Strike
0-1: Swinging Strike
0-2: Ball
1-2: Ball
2-2: Foul Ball, location: 2F
2-2: SINGLE (Groundball, 6S, EV 73.8 MPH) (infield hit)
Batting: RHB Ernst Meloche 0-0: Ball
J.J. Basil is caught stealing 2nd base 2-4
Bottom of the 6th over - 0 runs, 1 hit, 0 errors, 0 left on base; Delmarva 2 - West Michigan 6
TOP OF THE 7TH
Delmarva Shorebirds batting - Pitching for West Michigan Whitecaps : LHP Pete Zamarron
Batting: RHB Ruben Domingues 0-0: Called Strike
0-1: Foul Ball, location: 2F
0-2: Strikes out swinging
Batting: RHB Juan Eyrich 0-0: Called Strike
0-1: Swinging Strike
0-2: Fly out, F7 (Flyball, 7S, EV 90.6 MPH)
Batting: RHB Josh Hopp 0-0: Ball
1-0: Ball
2-0: Called Strike
2-1: Ball
3-1: SOLO HOME RUN (Flyball, 89XD, EV 95.6 MPH), Distance : 401 ft
Batting: LHB Vinny Rivera 0-0: Ball
1-0: Fly out, F8 (Flyball, 8LXD, EV 101.9 MPH)
Top of the 7th over - 1 run, 1 hit, 0 errors, 0 left on base; Delmarva 3 - West Michigan 6
BOTTOM OF THE 7TH
West Michigan Whitecaps batting - Pitching for Delmarva Shorebirds : RHP Zhao-jun Zong
Pitching: RHP Casey Tietjen
Batting: RHB Ernst Meloche 0-0: Foul Ball, location: 2F
0-1: Ball
1-1: Called Strike
1-2: Foul Ball, location: 2F
1-2: Ball
2-2: Fly out, F9 (Flyball, 89M, EV 73.1 MPH)
Batting: RHB Joel Miller 0-0: Called Strike
0-1: Ball
1-1: Reached on error, E5 (Groundball, 56, EV 84.4 MPH)
Batting: RHB Norm Wood 0-0: Ball
1-0: Called Strike
1-1: Called Strike
Joel Miller steals 2nd base
1-2: Ball
2-2: Foul Ball, location: 2F
2-2: SINGLE (Line Drive, 56D, EV 102.5 MPH)
Joel Miller to third
Batting: RHB Jon Goldstein 0-0: Called Strike
Norm Wood steals 2nd base
0-1: SINGLE (Groundball, 56D, EV 103.8 MPH)
Joel Miller scores
Norm Wood to third
Runner from 3rd tries for Home, SAFE, throw by LF to home
Batting: RHB Keith Hoffman 0-0: Ball
Jon Goldstein steals 2nd base
1-0: SINGLE (Line Drive, 7S, EV 96.9 MPH)
Jon Goldstein to third
Batting: LHB Nick Nino 0-0: Called Strike
0-1: Ball
1-1: Ball
2-1: Called Strike
2-2: Foul Ball, location: 2F
2-2: 3-RUN HOME RUN (Flyball, 9LD, EV 95.0 MPH), Distance : 334 ft
Pitching: RHP Angel Gonzales
Batting: RHB Tanner Purchase 0-0: Ball
1-0: Foul Ball, location: 2F
1-1: Ground out 6-3 (Groundball, 6, EV 85.0 MPH)
Batting: LHB Jon Frederick 0-0: Called Strike
0-1: Called Strike
0-2: Strikes out swinging
Bottom of the 7th over - 5 runs, 4 hits, 1 error, 0 left on base; Delmarva 3 - West Michigan 11
TOP OF THE 8TH
Delmarva Shorebirds batting - Pitching for West Michigan Whitecaps : LHP Pete Zamarron
Pinch Hitting: RHB Han-seung Hah 0-0: Ground out 6-3 (Groundball, 6MS, EV 81.9 MPH)
Batting: RHB Graham Calvert 0-0: TRIPLE (Line Drive, 9LD, EV 103.1 MPH)
Batting: RHB Matthew Neal 0-0: Called Strike
0-1: Fly out, F7 (Line Drive, 7, EV 99.4 MPH)
Batting: RHB Minoru Matsumoto 0-0: Swinging Strike
0-1: Foul Ball, location: 2F
0-2: Ball
1-2: Strikes out swinging
Top of the 8th over - 0 runs, 1 hit, 0 errors, 1 left on base; Delmarva 3 - West Michigan 11
BOTTOM OF THE 8TH
West Michigan Whitecaps batting - Pitching for Delmarva Shorebirds : RHP Angel Gonzales
Now at 1B: Xue-liang Zhou
Batting: RHB J.J. Basil 0-0: Called Strike
0-1: Foul Ball, location: 2F
0-2: Foul Ball, location: 2F
0-2: Strikes out swinging
Batting: RHB Ernst Meloche 0-0: Ball
1-0: Foul Ball, location: 2F
1-1: Ball
2-1: Ball
3-1: Called Strike
3-2: Ground out U3 (Groundball, 34, EV 83.1 MPH)
Batting: RHB Joel Miller 0-0: Fly out, F8 (Line Drive, 8RD, EV 88.8 MPH)
Bottom of the 8th over - 0 runs, 0 hits, 0 errors, 0 left on base; Delmarva 3 - West Michigan 11
TOP OF THE 9TH
Delmarva Shorebirds batting - Pitching for West Michigan Whitecaps : LHP Pete Zamarron
Batting: RHB Carlos Teniente 0-0: Ball
1-0: Fly out, F9 (Flyball, 9, EV 84.4 MPH)
Pinch Hitting: LHB Antonio Gutierrez 0-0: Called Strike
0-1: Called Strike
0-2: Strikes out swinging
Batting: RHB Juan Eyrich 0-0: Ground out 6-3 (Groundball, 6M, EV 87.5 MPH)
Top of the 9th over - 0 runs, 0 hits, 0 errors, 0 left on base; Delmarva 3 - West Michigan 11
Sunday, July 16th , 2023 - OOTP Baseball 24.6 Build 69